 Dungeon Crawl Stone Soup version bcrawl-1.21.2-1-g32d02e0829 (webtiles) character file.

Game seed: 13684435188484778799

12044 Freyura the Grappler (level 11, 0/111 HPs)
             Began as a Troll Fighter on Feb 24, 2020.
             Was an Elder of the Shining One.
             Slain by a five-headed hydra (4 damage)
             ... on level 10 of the Dungeon.
             The game lasted 00:25:47 (8466 turns).

Freyura the Grappler (Troll Fighter)                Turns: 8466, Time: 00:25:48

Health: 0/111      AC: 14    Str: 29    XL:     11   Next: 57%
Magic:  15/15      EV: 10    Int:  5    God:    the Shining One [****..]
Gold:   860        SH:  0    Dex: 12    Spells: 10/10 levels left

rFire    . . .     SeeInvis .   x - +0 giant spiked club
rCold    . . .     Gourm    +   (shield currently unavailable)
rNeg     + + .     Faith    .   (armour unavailable)
rPois    .         Spirit   .   u - +2 hat
rElec    .         Reflect  .   t - +2 cloak
rCorr    .         Harm     .   (gloves unavailable)
MR       .....                  (boots unavailable)
Stlth    +.........             y - amulet of regeneration
HPRegen  1.08/turn              d - +3 ring of strength
MPRegen  0.14/turn              (no ring)

@: glowing
A: large, almost no armour, unfitting armour, claws 3, fast metabolism 3,
gourmand, regeneration 1, AC +9
a: Divine Shield, Cleansing Flame, Renounce Religion


You were on level 10 of the Dungeon.
You worshipped the Shining One.
The Shining One was greatly pleased with you.
You were very full.

You visited 2 branches of the dungeon, and saw 11 of its levels.
You also visited: Sewer.

You collected 898 gold pieces.
You donated 38 gold pieces to Zin.

Inventory:

Hand Weapons
 x - a +0 giant spiked club (weapon)
Armour
 a - a +0 shield
 t - a +2 cloak (worn)
 u - a +2 hat (worn)
Jewellery
 d - a +3 ring of strength (left claw)
 y - an amulet of regeneration (around neck)
Wands
 o - a wand of iceblast (7)
 s - a wand of flame (9)
Scrolls
 h - 6 scrolls of identify
 i - 5 scrolls of teleportation
 m - a scroll of fear
 n - 2 scrolls of amnesia
 p - a scroll of magic mapping
 v - a scroll of silence {unknown}
Potions
 b - a potion of might
 c - a potion of lignification {unknown}
 f - 2 potions of haste
 g - 2 potions of resistance
 j - 3 potions of ambrosia
 k - 3 potions of curing
 q - 3 potions of flight
 r - a potion of brilliance
 w - 4 potions of agility
 A - 3 potions of heal wounds
Comestibles
 e - 26 rations {!d}


   Skills:
 + Level 8.0 Fighting
 * Level 8.7 Maces & Flails
 - Level 2.4 Dodging
 - Level 2.0 Shields
 - Level 11.4 Unarmed Combat
 + Level 7.7 Invocations


You had 10 spell levels left.
You didn't know any spells.
Your spell library contained the following spells:

 Spells                   Type           Power        Failure   Level  Hunger
 Sting                    Conj/Pois      #...         47%         1    ##.....
 Poisonous Vapours        Pois/Air       #.....       63%         2    ###....
 Confuse                  Hex            #.......     85%         3    ####...
 Dazzling Spray           Conj/Hex       #.....       85%         3    ####...
 Ignite Poison            Fire/Tmut/Pois #.......     85%         3    ####...
 Olgreb's Toxic Radiance  Pois           #.......     99%         4    #####..
 Petrify                  Tmut/Erth      #.......     99%         4    #####..
 Summon Scorpions         Summ/Pois      #.......     99%         4    #####..
 Yara's Violent Unravell  Hex/Tmut       #.........   99%         4    #####..
 Metabolic Englaciation   Hex/Ice        #.........   100%        5    ######.
 Venom Bolt               Conj/Pois      #.........   100%        5    ######.
 Mana Rupture             Conj/Hex       #.........   100%        7    #######


Dungeon Overview and Level Annotations

Branches:
Dungeon (10/12)            Temple (1/1) D:4            Lair (0/6) D:7
    Orc: D:8-11

Altars:
Ashenzari
Cheibriados
Dithmenos
Elyvilon
Fedhas
Gozag
Hepliaklqana
Kikubaaqudgha
Lugonu
Makhleb
Nemelex Xobeh
Okawaru
Qazlal
Ru
Sif Muna
Trog
Uskayaw
Vehumet
Wu Jian
Xom
Yredelemnul
Zin
The Shining One

Shops:
D:5 :   D:9 ([}%


Innate Abilities, Weirdness & Mutations

You cannot wear most types of armour.
Your thick skin is tough. (AC +9)
You are too large for most types of armour.
You have claws for hands.
Your metabolism is lightning-fast.
You like to eat raw meat.
Your natural rate of healing is unusually fast.


Message History

The five-headed hydra bites you.
You sock the five-headed hydra!
The five-headed hydra is almost dead.
The five-headed hydra barely misses you.
The five-headed hydra bites you!
* * * LOW HITPOINT WARNING * * *
The five-headed hydra bites you but does no damage. x4
The five-headed hydra misses you. The five-headed hydra bites you.
* * * LOW HITPOINT WARNING * * *
The five-headed hydra bites you!
* * * LOW HITPOINT WARNING * * *
The five-headed hydra bites you but does no damage.
You hit the five-headed hydra.
The five-headed hydra is almost dead.
The five-headed hydra bites you.
* * * LOW HITPOINT WARNING * * *
The five-headed hydra bites you!
* * * LOW HITPOINT WARNING * * *
The five-headed hydra bites you.
You die...

##################
#.................
#.................
#.........##.....# #
+.........##.....+
#.#'##########.....#
#..@.........'.....#
#..D.........#.....#
####.###.....#.....#
.# #.....####### .#
#............ .#
#............ .#
#.......##... .#
#.......##...
.........##...


You could see a five-headed hydra.

Vanquished Creatures
  A hydra (D:10)
  Erica (D:8)
  A two-headed ogre (D:9)
  A deep elf knight (D:9)
  A manticore (D:9)
  Joseph (D:7)
  A komodo dragon (shapeshifter) (D:7)
  A troll (D:8)
  A wolf spider simulacrum (D:10)
  Prince Ribbit (D:5)
  A raiju (shapeshifter) (D:9)
  2 hippogriffs
  A human (D:7)
  9 yaks
  4 hogs (D:7)
  A hungry ghost (D:6)
  A crocodile (D:6)
  Duvessa (D:5)
  A water moccasin (D:7)
  2 black bears
  3 sky beasts
  2 orc warriors
  2 ice beasts
  3 phantoms
  3 ogres
  4 centaurs
  3 big kobolds
  5 bullfrogs
  Blork the orc (D:4)
  A wyvern skeleton (D:7)
  2 scorpions
  Dowan (D:5)
  13 wights
  11 killer bees
  An electric eel (D:6)
  A howler monkey (D:6)
  A centaur zombie (D:8)
  4 bullfrog zombies
  6 crimson imps
  A jelly (D:5)
  2 bullfrog skeletons (D:6)
  4 hounds
  3 orc wizards
  Crazy Yiuf (D:3)
  A centaur skeleton (D:4)
  An iguana (D:4)
  9 worker ants
  Natasha (D:3)
  A hound zombie (D:8)
  A hound skeleton (D:8)
  2 worker ant zombies
  9 adders
  6 river rats (Sewer)
  3 shadow imps
  2 oozes
  An adder skeleton (D:6)
  An adder zombie (D:6)
  5 worms
  3 dart slugs (D:2)
  6 leopard geckos
  20 orcs
  11 ball pythons
  10 giant cockroaches
  13 goblins
  9 hobgoblins
  11 jackals
  39 kobolds
  5 quokkas
  5 bats
  5 frilled lizards
  A jackal skeleton (D:8)
  23 rats
315 creatures vanquished.

Vanquished Creatures (others)
  An orc (D:6)
  A quokka (D:6)
2 creatures vanquished.

Grand Total: 317 creatures vanquished

Notes
Turn   | Place    | Note
-------+----------+-------------------------------------------
     0 | D:1      | Freyura the Troll Fighter began the quest for the Orb.
     0 | D:1      | Reached XP level 1. HP: 22/22 MP: 0/0
   239 | D:1      | Reached XP level 2. HP: 26/29 MP: 1/1
   402 | D:1      | Reached skill level 3 in Unarmed Combat
   543 | D:1      | Reached XP level 3. HP: 23/36 MP: 2/2
  1489 | D:2      | Gained mutation: Your natural rate of healing is unusually
                  | fast. [Troll growth]
  1489 | D:2      | Reached XP level 4. HP: 44/45 MP: 3/3
  1828 | D:2      | Reached skill level 4 in Unarmed Combat
  2365 | D:3      | Reached XP level 5. HP: 53/53 MP: 4/4
  2431 | D:3      | Found a runed door.
  2435 | D:3      | Noticed Crazy Yiuf
  2435 | D:3      | Noticed Natasha
  2439 | D:3      | Killed Natasha
  2443 | D:3      | Killed Crazy Yiuf
  2866 | D:4      | Reached skill level 5 in Unarmed Combat
  2911 | D:4      | Reached XP level 6. HP: 57/62 MP: 5/5
  2971 | D:4      | Noticed Blork the orc
  2985 | D:4      | Killed Blork the orc
  2986 | D:4      | Reached skill level 6 in Unarmed Combat
  3111 | D:4      | Found a staircase to the Ecumenical Temple.
  3122 | Temple   | Entered the Ecumenical Temple
  3136 | Temple   | Became a worshipper of Zin the Law-Giver
  3136 | Temple   | Reached * piety under Zin
  3229 | D:4      | Found an ornate altar of the Wu Jian Council.
  3229 | D:4      | Found a burning altar of Makhleb.
  3247 | D:4      | Reached XP level 7. HP: 66/70 MP: 6/6
  3447 | D:4      | Reached ** piety under Zin
  3541 | D:4      | Found a glowing golden altar of the Shining One.
  3548 | D:4      | Fell from the grace of Zin
  3548 | D:4      | Became a worshipper of the Shining One
  3655 | D:5      | Entered Level 5 of the Dungeon
  3681 | D:5      | Noticed Dowan
  3682 | D:5      | Noticed Duvessa
  3682 | D:5      | Reached * piety under the Shining One
  3692 | D:5      | Killed Dowan
  3692 | D:5      | Reached skill level 7 in Unarmed Combat
  3692 | D:5      | Reached skill level 1 in Invocations
  3696 | D:5      | Killed Duvessa
  3696 | D:5      | Reached skill level 1 in Maces & Flails
  3792 | D:5      | Found a sacrificial altar of Ru.
  3819 | D:5      | Found a glowing drain.
  3837 | Sewer    | Entered a sewer
  4009 | Sewer    | Reached XP level 8. HP: 65/79 MP: 8/8
  4401 | D:5      | Reached skill level 5 in Fighting
  4581 | D:5      | Noticed Prince Ribbit
  4590 | D:5      | Found Vadecus's Book Shoppe.
  4591 | D:5      | Killed Prince Ribbit
  4591 | D:5      | Reached skill level 8 in Unarmed Combat
  4863 | D:6      | Noticed a hippogriff
  4870 | D:6      | Killed a hippogriff
  4942 | D:6      | Reached XP level 9. HP: 88/88 MP: 10/10
  5138 | D:6      | Reached skill level 9 in Unarmed Combat
  5256 | D:6      | Reached ** piety under the Shining One
  5570 | D:6      | Found a white marble altar of Elyvilon.
  5777 | D:7      | Found a staircase to the Lair.
  5896 | D:7      | Reached skill level 10 in Unarmed Combat
  5896 | D:7      | Reached skill level 5 in Invocations
  5905 | D:7      | Reached skill level 5 in Maces & Flails
  5914 | D:7      | Reached XP level 10. HP: 70/100 MP: 12/12
  6119 | D:7      | Reached *** piety under the Shining One
  6162 | D:7      | Noticed Joseph
  6177 | D:7      | Killed Joseph
  6625 | D:8      | Found a radiant altar of Vehumet.
  6966 | D:8      | Reached skill level 11 in Unarmed Combat
  6986 | D:8      | Noticed Erica
  6996 | D:8      | Killed Erica
  7483 | D:9      | Noticed a deep elf knight
  7490 | D:9      | Killed a deep elf knight
  7490 | D:9      | Reached XP level 11. HP: 81/109 MP: 13/15
  7577 | D:9      | Reached **** piety under the Shining One
  7712 | D:9      | Noticed a two-headed ogre
  7721 | D:9      | HP: 3/109 [two-headed ogre/+0 giant club (22)]
  7725 | D:9      | Killed a two-headed ogre
  7931 | D:9      | Found Ocefreme's Armour Shop.
  7957 | D:9      | Found Weudaj's Weapon Emporium.
  8037 | D:9      | Found Liutoez's Gadget Emporium.
  8055 | D:9      | Found Mic Xiom's Food Shop.
  8252 | D:10     | Entered Level 10 of the Dungeon
  8263 | D:10     | Noticed a six-headed hydra
  8269 | D:10     | Killed a six-headed hydra
  8459 | D:10     | Noticed a five-headed hydra
  8466 | D:10     | HP: 4/111 [five-headed hydra (11)]
  8466 | D:10     | Slain by a five-headed hydra

Skill      XL: |  1  2  3  4  5  6  7  8  9 10 11 |
---------------+----------------------------------+-----
Unarmed Combat | 3 4 5 6 7 8 10 11 | 11.4
Fighting       | 3 4 5 6 7 8 |  8.0
Invocations    | 1 3 5 6 7 |  7.7
Maces & Flails | 1 3 5 6 8 |  8.7
Dodging        | |  2.4
Shields        | |  2.0

Action                   |  1- 3 |  4- 6 |  7- 9 | 10-12 || total
-------------------------+-------+-------+-------+-------++-------
Melee: Unarmed           |   124 |   198 |   243 |   108 ||   673
       Giant spiked club |       |       |       |    79 ||    79
  Use: Scroll            |       |       |    18 |     4 ||    22
       Potion            |       |       |     1 |     3 ||     4
 Stab: Sleeping          |     1 |     1 |       |       ||     2
  Eat: Chunk             |    15 |    11 |    25 |    15 ||    66
Armor: Skin              |    38 |    60 |    88 |   130 ||   316
Dodge: Dodged            |    24 |    57 |    62 |   143 ||   286
Block: Shield            |    51 |    88 |   110 |    41 ||   290
